AoeStats
← Malelf

Arabia

507941700Analyzed
1v1 RM · 11d ago on Sep 20, 2026· 35m 11s· 2 players
Game mode
Random Map
Map size
Tiny (2 player)
Population
200
Speed
Normal
Resources
Standard
Victory
Conquest
Starting age
Dark Age
Ending age
Imperial Age
RankedLock teamsTeams togetherTeam positionsShared explorationLock speedFull tech treeHidden civsTurbo modeCheats
Victory
Defeat
🇨🇭 Goths · Switzerland
1767
+14
🇮🇹 Japanese · Italy
1719
-14
Malelf
7:59 Loom
11:14 Feudal Age
11:49 Double-Bit Axe
11:46 Horse Collar
12:07 Man-at-Arms
14:30 Fletching
17:27 Padded Archer Armor
21:59 Castle Age
20:28 Gold Mining
23:01 Wheelbarrow
22:04 Crossbowman
22:41 Bodkin Arrow
23:05 Bow Saw
24:43 Leather Archer Armor
26:57 Ballistics
28:22 Bloodlines
nerob
1:34 Loom
10:19 Feudal Age
13:15 Double-Bit Axe
14:22 Horse Collar
14:47 Fletching
16:05 Padded Archer Armor
19:51 Wheelbarrow
23:07 Castle Age
22:30 Scale Mail Armor
23:44 Bodkin Arrow
23:22 Crossbowman
25:11 Leather Archer Armor
25:09 Bow Saw
26:06 Ballistics
26:58 Chain Mail Armor
Connection lost

Rejoining the realm…

Still unreachable

The connection could not be restored.

Session expired

The server has moved on; the page needs a fresh start.